 Dungeon Crawl Stone Soup version 0.28-a0-662-g1651b1f1e0 (webtiles) character file.

Game seed: 13897495225888754553

2 lawman0 the Insei (level 1, -2/17 HPs)
             Began as a Djinni Transmuter on Oct 15, 2021.
             Killed from afar by a dart slug (6 damage)
             ... with a slug dart
             ... on level 1 of the Dungeon.
             The game lasted 00:01:05 (250 turns).

lawman0 the Insei (Djinni Transmuter)                Turns: 250, Time: 00:01:06

Health: -2/17      AC:  3    Str:  9    XL:     1   Next: 44%
Gold:   0          EV: 11    Int: 14    God:
                   SH:  0    Dex: 13

rFire   + + .      SeeInvis .     - Unarmed
rCold   x . .      Faith    .   (no shield)
rNeg    . . .      Spirit   .   b - +0 leather armour
rPois   ∞          Reflect  .   (no helmet)
rElec   .          Harm     .   (no cloak)
rCorr   .          Rampage  .   (no gloves)
Will    .....                   (boots unavailable)
Stlth   +.........              (no amulet)
HPRegen 0.05/turn               (no ring)
MPRegen 0.00/turn               (no ring)

@: flying
A: sickness immunity, fire resistance 2, cold vulnerability 1, float, innate
caster, hp casting, extra vitality 1
a: no special abilities


You were on level 1 of the Dungeon.
You visited 1 branch of the dungeon, and saw 1 of its levels.

Inventory:

Armour
 b - a +0 leather armour (worn)


   Skills:
 + Level 1.0 Fighting
 + Level 2.2 Dodging
 * Level 3.1 Unarmed Combat
 * Level 1.6 Spellcasting


You couldn't memorise any spells.
You knew the following spells:

 Your Spells              Type           Power      Damage    Failure   Level
a - Beastly Appendage     Tmut           10%        N/A       19%         1
b - Wereblood             Tmut           5%         N/A       26%         2
c - Spider Form           Tmut/Pois      2%         N/A       47%         3
d - Ice Form              Ice/Tmut       5%         N/A       87%         4
Your spell library was empty.

Dungeon Overview and Level Annotations

Branches:
Dungeon (1/15)

Altars:


Innate Abilities, Weirdness & Mutations

You are immune to sickness and miasma.
You are immune to poison.
Your flesh is very heat resistant. (rF++)
You are vulnerable to cold. (rC-)
You float through the air rather than walking.
You learn spells naturally, not from books.
Your magical power is your life essence.
You have superior vitality. (+4 HP)


Message History

The rat bites you but does no damage. The rat bites you but does no damage.
You hit the rat.
You kill the rat!
The frilled lizard bites you but does no damage.
You see here a rat corpse.
You closely miss the rat.
The frilled lizard hisses.
The frilled lizard bites you but does no damage.
The rat closely misses you.
You hit the rat but do no damage. The frilled lizard bites you.
The rat barely misses you.
You hit the rat but do no damage.
The frilled lizard bites you but does no damage.
The rat barely misses you.
You hit the rat.
You kill the rat!
The frilled lizard bites you.
* * * LOW HITPOINT WARNING * * *
The gnoll hits you but does no damage. The gnoll closely misses you.
Found 25 stones.
A bat comes into view.
A dart slug comes into view.
The bat hits you but does no damage. The bat hits you but does no damage.
The dart slug launches a dart at you. The slug dart misses you.
An endoplasm comes into view.
The endoplasm quivers.
The bat hits you.
* * * LOW HITPOINT WARNING * * *
The dart slug launches a dart at you. The slug dart misses you.
The bat completely misses you. The bat closely misses you. The bat misses you.
The bat barely misses you. The dart slug launches a dart at you.
The slug dart hits you.
You die...

#.# #.#
#g### #...##
##...##
###..l..##
.......bg.#
####.w(..##
##...@#
##..J.......
###.#######
#.# #.# #.#
#.. ###


You could see a gnoll, a dart slug, an endoplasm, a hobgoblin, a bat and a
frilled lizard.

Vanquished Creatures
  A bat (D:1)
  A kobold (D:1)
  2 rats (D:1)
4 creatures vanquished.

Notes
Turn   | Place    | Note
-------+----------+-------------------------------------------
     0 | D:1      | lawman0 the Djinni Transmuter began the quest for the Orb.
     0 | D:1      | Reached XP level 1. HP: 17/17 MP: 0/0
    16 | D:1      | Noticed an electric eel
   250 | D:1      | Killed from afar by a dart slug

Illustrated notes

Levels and vault maps discovered:
D:1:      arrival_aquarium_a, layout_loops_ring

Action                   || total
-------------------------++-------
Melee: Unarmed           ||    14
       Headbutt          ||     2
       Punch             ||     1
 Cast: Beastly Appendage ||     1
Armor: Leather armour    ||    27
Dodge: Dodged            ||    36

Table legend: (Time is in decaauts)
 A = Elapsed time spent in this place.
 B = Non-inter-level travel time spent in this place.
 C = Inter-level travel time spent in this place.
 D = Time resting spent in this place.
 E = Time spent auto-exploring this place.
 F = Levels seen in this place.
 G = Mean time per level.
                   A        B        C        D        E       F      G
               +--------+--------+--------+--------+--------+-----+--------+
         Total |    249 |    249 |      0 |      0 |      4 |   1 |  249.0 |
       Dungeon |    249 |    249 |      0 |      0 |      4 |   1 |  249.0 |
               +--------+--------+--------+--------+--------+-----+--------+

Top non-repeatable levels by time:
     D:1: 249 daAuts
